 Dungeon Crawl Stone Soup version 0.29-a0-870-g2c972031a6 (webtiles) character file.

Game seed: 11748435798468485961

30 kevlar127 the Ruffian (level 3, 0/54 HPs)
             Began as a Troll Berserker on July 17, 2022.
             Was a Follower of Trog.
             Slain by an orc wizard
             ... wielding a +0 dagger
              (1 damage)
             ... on level 2 of the Dungeon.
             The game lasted 00:02:36 (694 turns).

kevlar127 the Ruffian (Troll Berserker)              Turns: 694, Time: 00:02:39

Health: 0/54       AC:  5    Str: 27    XL:     3   Next: 3%
Magic:  2/2        EV: 10    Int:  3    God:    Trog [*.....]
Gold:   48         SH:  0    Dex:  9    Spells: 2/2 levels left

rFire   . . .      SeeInvis .     - Unarmed
rCold   . . .      Faith    .   (no shield)
rNeg    . . .      Spirit   .   a - +0 animal skin
rPois   .          Reflect  .   e - +1 hat
rElec   .          Harm     .   (no cloak)
rCorr   .          Rampage  .   (gloves unavailable)
Will    .....                   (boots unavailable)
Stlth   ..........              (no amulet)
HPRegen 0.98/turn               (no ring)
MPRegen 0.08/turn               (no ring)

@: berserking, very quick
A: large, unfitting armour, claws 3, regeneration 1, shaggy fur 1, tough skin 1
a: Renounce Religion, Berserk


You were on level 2 of the Dungeon.
You worshipped Trog.
Trog was aware of your devotion.
You visited 1 branch of the dungeon, and saw 2 of its levels.

You collected 48 gold pieces.

Inventory:

Missiles
 c - 6 poisoned darts (quivered)
Armour
 a - a +0 animal skin (worn)
 e - a +1 hat (worn)
Scrolls
 d - a scroll of enchant armour {unknown}
Potions
 b - a potion of mutation {unknown}


   Skills:
 + Level 2.8 Fighting
 + Level 2.8 Dodging
 + Level 3.4 Unarmed Combat


You had 2 spell levels left.
You didn't know any spells.
Your spell library was empty.

Dungeon Overview and Level Annotations

Branches:
Dungeon (2/15)

Altars:

Shops:
D:1 !


Innate Abilities, Weirdness & Mutations

You are too large for most types of armour.
You have claws for hands.
Your natural rate of healing is unusually fast.
You are covered in fur. (AC +1)
You have tough skin. (AC +1)


Message History

The slug dart hits you.
An orc comes into view. It is wielding a +0 war axe.
The orc priest mumbles some strange prayers to Beogh against you.
Beogh smites you!
You closely miss the orc priest. The orc priest barely misses you.
The orc wizard gestures wildly while chanting.
The orc wizard flickers and vanishes!
Deactivating autopickup; reactivate with Ctrl-A.
You completely miss the orc priest.
The kobold hits you with a +0 short sword.
The orc priest looks satisfied for a moment.
You completely miss the orc priest. The kobold hits you but does no damage.
The orc priest closely misses you.
You scratch the orc priest.
The orc priest is moderately wounded.
A jackal comes into view.
The orc priest invokes the aid of Beogh against you.
Beogh smites you!
* * * LOW HITPOINT WARNING * * *
Something hits you.
* * * LOW HITPOINT WARNING * * *
The orc closely misses you. The kobold completely misses you.
The dart slug launches a dart at you.
The slug dart hits something.
The jackal barks!
You are too injured to fight recklessly!
You are too injured to fight recklessly!
A red film seems to cover your vision as you go berserk!
You feel yourself moving faster!
You feel mighty! The kobold barely misses you.
The orc priest closely misses you. The orc closely misses you.
The dart slug launches a dart at you. The slug dart misses you.
A frilled lizard comes into view.
Found a scroll labelled ULOMUIRGHEA.
You feel a strong urge to attack something.
The frilled lizard hisses angrily.
The orc priest misses you. The orc hits you with a +0 war axe!
* * * LOW HITPOINT WARNING * * *
Something hits you.
You die...

#...........### #...
+.....).....'.# #..#
#...........#.# #..#
##.8.8.8.8.##.###..##
##.#...#.##...>....#
##.....##.#####...#
##...###.........#
##+####......K..#
.......@oo.#
..?...w.o..h...
...........##.#
#..........# #
#..........#
#..###.###.# #.. #.
.# #. .? l#


You could see an orc priest, a dart slug, 2 orcs, a jackal, a kobold and a
frilled lizard.

Vanquished Creatures
  A dart slug (D:1)
  A ball python (D:1)
  3 bats (D:1)
  2 endoplasms (D:1)
  2 giant cockroaches (D:1)
  A goblin (D:1)
  A hobgoblin (D:2)
  4 jackals (D:1)
  A kobold (D:1)
  2 quokkas (D:1)
  A frilled lizard (D:1)
  5 rats (D:1)
24 creatures vanquished.

Notes
Turn   | Place    | Note
-------+----------+-------------------------------------------
     0 | D:1      | kevlar127 the Troll Berserker began the quest for the Orb.
     0 | D:1      | Reached XP level 1. HP: 22/22 MP: 0/0
     0 | D:1      | Noticed a red draconian
     1 | D:1      | Noticed an orb of fire
     3 | D:1      | Noticed a shadow dragon
     3 | D:1      | Noticed an iron dragon
     5 | D:1      | Noticed a shadow dragon
     6 | D:1      | Noticed an orb of fire
     7 | D:1      | Noticed an ice dragon
     9 | D:1      | Noticed an iron dragon
    11 | D:1      | Noticed an ice dragon
    13 | D:1      | Noticed a large abomination
    13 | D:1      | Noticed an ice dragon
    15 | D:1      | Noticed a shadow dragon
    15 | D:1      | Noticed a tentacled monstrosity
    17 | D:1      | Noticed a large abomination
    17 | D:1      | Noticed a red draconian
    19 | D:1      | Noticed a large abomination
    19 | D:1      | Noticed a large abomination
    21 | D:1      | Noticed a black draconian
   145 | D:1      | Found Mebuv's Distillery.
   175 | D:1      | Reached XP level 2. HP: 29/29 MP: 1/1
   554 | D:1      | Reached XP level 3. HP: 36/36 MP: 2/2
   694 | D:2      | HP: 1/54 [orc/+0 war axe (8)]
   694 | D:2      | Slain by an orc wizard

Illustrated notes

Levels and vault maps discovered:
D:1:      shiori_arrival_whats_in_store_for_you, layout_basic, serial_shops,
          nicolae_square_shop
D:2:      layout_loops_ring, dk_noncrumbling_3

Action                   || total
-------------------------++-------
Melee: Unarmed           ||    72
       Punch             ||     1
Invok: Berserk           ||     1
Armor: Animal skin       ||    16
Dodge: Dodged            ||    50

Table legend: (Time is in decaauts)
 A = Elapsed time spent in this place.
 B = Non-inter-level travel time spent in this place.
 C = Inter-level travel time spent in this place.
 D = Time resting spent in this place.
 E = Time spent auto-exploring this place.
 F = Levels seen in this place.
 G = Mean time per level.
                   A        B        C        D        E       F      G
               +--------+--------+--------+--------+--------+-----+--------+
         Total |    689 |    605 |     84 |      0 |    457 |   2 |  344.5 |
       Dungeon |    689 |    605 |     84 |      0 |    457 |   2 |  344.5 |
               +--------+--------+--------+--------+--------+-----+--------+

Top non-repeatable levels by time:
     D:1: 653 daAuts
     D:2: 35 daAuts
